 Dungeon Crawl Stone Soup version 0.17-a0-1949-g1acca9a (webtiles) character file.

60 Leibowitz the Skirmisher (level 3, 0/31 HPs)
             Began as a Demigod Fighter on Oct 2, 2015.
             Succumbed to an adder's poison
             ... on level 2 of the Dungeon.
             The game lasted 00:04:23 (964 turns).

Leibowitz the Skirmisher (Demigod Fighter)           Turns: 964, Time: 00:04:23

Health: 0/31       AC: 12    Str: 24    XL:     3   Next: 57%
Magic:  5/5        EV:  6    Int: 12    God:
Gold:   108        SH:  8    Dex: 17    Spells: 0 memorised, 2 levels left

rFire  . . .     SeeInvis .     a - +0 long sword
rCold  . . .     Clarity  .     e - +0 scale mail
rNeg   . . .     SustAt   +     c - +0 shield
rPois  .         Gourm    .     (no helmet)
rElec  .         Spirit   .     (no cloak)
rCorr  .         Warding  .     (no gloves)
rMut   .         Stasis   .     (no boots)
MR     .....                    (no amulet)
Stlth  ..........               (no ring)
                                k - +6 ring of protection

@: mighty, lethally poisoned (0 -> -7), very heavily drained, not resistant to
hostile enchantments, extremely unstealthy
A: high mp 1, sustain attributes
a: no special abilities


You were on level 2 of the Dungeon.
You were hungry.

You visited 1 branch of the dungeon, and saw 2 of its levels.

You collected 108 gold pieces.

Inventory:

Hand weapons
 a - a +0 long sword (weapon)
Missiles
 p - 10 poisoned needles
Armour
 c - a +0 shield (worn)
 e - a +0 scale mail (worn)
Jewellery
 k - a +6 ring of protection (left hand)
Scrolls
 f - 2 scrolls of random uselessness {unknown}
 h - a scroll of teleportation {unknown}
 j - 2 scrolls of magic mapping {unknown}
 l - a scroll of identify {unknown}
 m - a scroll of enchant armour {unknown}
Potions
 g - 4 potions of curing
 i - a potion of brilliance {unknown}
 n - a potion of cancellation {unknown}
Comestibles
 b - 2 bread rations
 o - a chunk of flesh


   Skills:
 + Level 3.1(0.0) Fighting
 + Level 2.3(0.0) Long Blades
 + Level 3.0(0.0) Armour
 + Level 1.0(0.0) Dodging
 + Level 0.2(0.0) Stealth
 + Level 3.0(0.0) Shields


You had 2 spell levels left.
You didn't know any spells.

Dungeon Overview and Level Annotations

Branches:
Dungeon (2/15)

Annotations:
D:2 Terence


Innate Abilities, Weirdness & Mutations

You have an increased reservoir of magic (+10% MP).
Your attributes are resistant to harm.


Message History

The bat hits the plant but does no damage.
Unknown command.
You closely miss Terence.
Terence is severely wounded.
* * * LOW HITPOINT WARNING * * *
You feel sick.
The bat hits the plant but does no damage. x5
The giant cockroach bites the plant but does no damage.
You block the adder's attack.
The bat hits the plant but does no damage.
The bat hits you but does no damage.
The bat hits the plant but does no damage.
The quokka bites you but does no damage.
The giant cockroach bites the plant.
Terence hits you but does no damage.
You feel drained. You block the adder's attack.
The bat hits the plant but does no damage.
The bat barely misses you.
Your shield prevents you from hitting Terence.
Terence is severely wounded.
You die...

.♣..♣♣............P.♣♣.P
..P.♣...........P....♣P♣
♣P♣P.........P♣.......♣.
♣P..P.....P♣P..♣.....)♣
♣♣........♣P..♣♣PP♣...♣
. ♣♣♣P......♣.♣♣P♣♣....♣
... ♣♣♣s..P♣.♣♣..♣P....♣
.....♣Pr@PP♣P♣♣.♣..♣...♣
♣. ......b@PP.P♣.♣
♣♣...♣.♣ ...
......PS♣.♣.♣♣. ♣♣♣♣..♣
...♣.≈ P≈♣≈♣.≈.bb.♣♣♣♣
♣.♣ .♣♣.≈♣P≈♣≈≈≈≈.≈.≈..
)≈P≈≈♣≈≈≈♣≈≈♣≈≈♣♣...
.♣≈≈≈≈≈≈≈..≈.≈≈ ♣≈♣.
.≈.≈♣≈♣≈≈♣≈≈≈≈≈ ....
P....♣≈♣P≈♣≈≈♣P .♣..♣
...P....♣P♣ ♣


You could see Terence, an adder, a quokka, a giant cockroach and 3 bats.

Vanquished Creatures
  2 adders (D:2)
  A giant gecko (D:1)
  8 bats
  4 giant cockroaches
  4 goblins
  3 hobgoblins
  2 jackals (D:2)
  7 kobolds
  3 giant newts
  4 rats
38 creatures vanquished.

Notes
Turn   | Place    | Note
--------------------------------------------------------------
     0 | D:1      | Leibowitz the Demigod Fighter began the quest for the Orb.
     0 | D:1      | Reached XP level 1. HP: 18/18 MP: 3/3
   144 | D:1      | Reached skill level 3 in Fighting
   149 | D:1      | Reached XP level 2. HP: 24/26 MP: 4/4
   701 | D:2      | Reached XP level 3. HP: 31/31 MP: 5/5
   878 | D:2      | Reached skill level 1 in Dodging
   925 | D:2      | Noticed Terence
   963 | D:2      | HP: 1/31 [poisoned by an adder]
   964 | D:2      | Succumbed to an adder's poison

Vault maps used:
D:1:      saegor_arrival_under_anarchy, minmay_tree_intersection,
          hangedman_decor_lopped
D:2:      wad_woods_pond, uniq_terence

Action                   || total
-------------------------++-------
Melee: Long sword        ||   143
  Use: Potion            ||     2
